 Dungeon Crawl Stone Soup version 0.22-a0-136-g83a10e5 (webtiles) character file.

531 4thArraOfDagon the Caller (level 7, -12/50 HPs)
             Began as a Grey Draconian Summoner on Feb 4, 2018.
             Mangled by an orc warrior
             ... wielding a +0 broad axe
              (15 damage)
             ... on level 6 of the Dungeon.
             The game lasted 00:12:39 (2057 turns).

4thArraOfDagon the Caller (Grey Draconian Summoner) Turns: 2057, Time: 00:12:40

Health: -12/50     AC: 11    Str: 10    XL:     7   Next: 3%
Magic:  2/12       EV: 20    Int: 18    God:
Gold:   107        SH:  0    Dex: 11    Spells: 3/13 levels left

rFire    . . .     SeeInvis .   l - +1 whip "Giantbane" {venom, rPois} (curse)
rCold    . . .     Gourm    .   (no shield)
rNeg     . . .     Faith    .   (armour unavailable)
rPois    +         Spirit   .   (helmet restricted)
rElec    .         Reflect  .   (no cloak)
rCorr    .         Harm     .   (no gloves)
MR       .....                  (no boots)
Stlth    ++........             (no amulet)
HPRegen  0.16/turn              i - ring of Phasing {EV+8}
MPRegen  0.13/turn              (no ring)

@: no status effects
A: walk through water, unfitting armour, unbreathing, cold-blooded, AC +11
a: no special abilities


You were on level 6 of the Dungeon.
You were not hungry.

You visited 1 branch of the dungeon, and saw 6 of its levels.

You collected 107 gold pieces.

Inventory:

Hand Weapons
 d - a +0 hunting sling
 f - a +0 dagger of holy wrath
 h - a +0 flail of protection
 l - the cursed +1 whip "Giantbane" (weapon) {venom, rPois}
   (You found it on level 4 of the Dungeon)

   It poisons the flesh of those it strikes.
   It protects you from poison.
   It has a curse placed upon it.
Jewellery
 i - the ring of Phasing (left hand) {EV+8}
   (You found it on level 4 of the Dungeon)

   [ring of evasion]

   It affects your evasion (+8).
Potions
 c - a potion of curing
Books
 a - a book of Callings

   Spells                             Type                      Level
   a - Summon Small Mammal            Summoning                    1
   b - Call Imp                       Summoning                    2
   c - Call Canine Familiar           Summoning                    3
   d - Summon Guardian Golem          Hexes/Summoning              3
   e - Summon Lightning Spire         Summoning/Air                4
   f - Summon Ice Beast               Ice/Summoning                4
Comestibles
 b - 8 rations
 g - 4 chunks of flesh


   Skills:
 - Level 0.1 Fighting
 - Level 1.7 Dodging
 - Level 1.7 Stealth
 + Level 3.8 Spellcasting
 - Level 7.0 Summonings
 * Level 2.1 Air Magic


You had 3 spell levels left.
You knew the following spells:

 Your Spells              Type           Power        Failure   Level  Hunger
a - Summon Small Mammal   Summ           ####         1%          1    None
b - Call Imp              Summ           ####....     1%          2    ##.....
c - Call Canine Familiar  Summ           ####....     2%          3    ###....
d - Summon Lightning Spi  Summ/Air       ###.....     22%         4    ####...


Dungeon Overview and Level Annotations

Branches:
Dungeon (6/15)
 Temple: D:4-7

Altars:
Okawaru

Annotations:
D:4 Dowan, Duvessa


Innate Abilities, Weirdness & Mutations

You can walk through water.
Your dull iron-grey scales are very hard. (AC +11)
You cannot fit into any form of body armour.
You can survive without breathing.
You are cold-blooded and may be slowed by cold attacks.


Message History

* * * LOW HITPOINT WARNING * * *
The orc warrior hits your hound with a broad axe!
Your hound dies!
Your hound's corpse disappears in a puff of smoke!
The orc hits you but does no damage.
Unknown command.
You feel better.
You kill the orc!
The orc warrior hits you with a broad axe!
* * * LOW HITPOINT WARNING * * *
The orc hits you but does no damage.
Unknown command.
Unknown command.
It was a potion of cancellation.
Your magical effects are unravelling.
You feel magically purged.
You feel less wooden.
You feel yourself speed up. The orc warrior completely misses you.
The orc closely misses you.
The orc warrior hits you with a broad axe!
You die...

...).......ยง.........
#############o######
#.# #(# #.# #.# #.#
#.##########
#..o@ooo....
############


You could see an orc warrior and 3 orcs.

Vanquished Creatures
  A bullfrog (D:6)
  A hound (D:5)
  An orc wizard (D:6)
  A worker ant zombie (D:6)
  An adder (D:5)
  An ooze (D:5)
  An adder skeleton (D:4)
  A worm (D:4)
  A leopard gecko (D:6)
  2 orcs (D:6)
  3 hobgoblins (D:1)
  2 jackals (D:4)
  3 kobolds
  6 bats
  A frilled lizard (D:3)
  2 goblins
  2 rats
30 creatures vanquished.

Vanquished Creatures (collateral kills)
  The ghost of varam the Conjurer, an amateur DsWz of Gozag (D:5)
  A sky beast (D:5)
  An ice beast (D:6)
  An ogre (D:5)
  A bullfrog (D:5)
  An orc priest (D:6)
  A killer bee zombie (D:6)
  3 adders
  4 gnolls (D:3)
  A shadow imp (D:6)
  2 worms
  A dart slug (D:1)
  A leopard gecko (D:1)
  3 orcs
  A hobgoblin (D:1)
  4 jackals
  2 bats (D:1)
  A frilled lizard (D:1)
  2 goblins (D:1)
  3 kobolds (D:1)
  A quokka zombie (D:6)
36 creatures vanquished.

Grand Total: 66 creatures vanquished

Notes
Turn   | Place    | Note
-------+----------+-------------------------------------------
     0 | D:1      | 4thArraOfDagon the Draconian Summoner began the quest for the Orb.
     0 | D:1      | Reached XP level 1. HP: 14/14 MP: 3/3
   211 | D:1      | Reached XP level 2. HP: 14/20 MP: 1/5
   224 | D:1      | Learned a level 2 spell: Call Imp
   612 | D:2      | Reached skill level 5 in Summonings
   612 | D:2      | Reached XP level 3. HP: 17/26 MP: 2/6
   624 | D:2      | Learned a level 3 spell: Call Canine Familiar
   881 | D:4      | Noticed Duvessa
   881 | D:4      | Noticed Dowan
  1095 | D:4      | Found the ring of Phasing {EV+8}
  1239 | D:4      | Reached XP level 4. HP: 31/33 MP: 3/7
  1280 | D:4      | Got a smoking whip
  1288 | D:4      | Identified the cursed +1 whip "Giantbane" {venom, rPois} (You found it on level 4 of the Dungeon)
  1314 | D:5      | Entered Level 5 of the Dungeon
  1327 | D:5      | Noticed an ogre
  1350 | D:5      | Killed an ogre
  1363 | D:5      | Found an iron altar of Okawaru.
  1365 | D:5      | Noticed a bullfrog
  1372 | D:5      | Noticed a sky beast
  1375 | D:5      | Killed a bullfrog
  1375 | D:5      | Reached skill level 6 in Summonings
  1375 | D:5      | Reached XP level 5. HP: 29/38 MP: 3/9
  1445 | D:5      | Noticed varam's ghost (amateur DsWz)
  1446 | D:5      | varam: hey my ghost
  1449 | D:5      | varam: :)
  1479 | D:5      | Killed varam's ghost
  1479 | D:5      | Reached XP level 6. HP: 40/45 MP: 7/10
  1480 | D:5      | 4thArraOfDagon: rip bud ;)
  1480 | D:5      | varam: ty let him rip*
  1487 | D:5      | varam: :)
  1507 | D:5      | Killed a sky beast
  1507 | D:5      | Reached skill level 7 in Summonings
  1524 | D:5      | Learned a level 4 spell: Summon Lightning Spire
  1699 | D:6      | Reached skill level 1 in Air Magic
  1777 | D:6      | Noticed an ice beast
  1798 | D:6      | Killed an ice beast
  1809 | D:6      | wazuzu: what is this shitty chinese snakebite replica?
  2027 | D:6      | Noticed an orc warrior
  2050 | D:6      | Your scales start taking on a dull iron-grey colour.
  2050 | D:6      | Reached XP level 7. HP: 46/50 MP: 3/12
  2050 | D:6      | Gained mutation: You can survive without breathing. [Grey Draconian growth]
  2056 | D:6      | HP: 3/75 [orc warrior/broad axe (17)]
  2057 | D:6      | Mangled by an orc warrior

Vault maps used:
D:1:      lemuel_arrival_behind_the_door_large
D:3:      first_ration, chequers_ecumenical_altar_island, minivault_27
D:4:      uniq_duvessa
D:5:      lemuel_castle_with_subvaults, lemuel_round_altar
D:6:      minmay_temple_entry_steel_oval, minmay_curled_crystal,
          minmay_misc_feat_room, st_stairs_14, uniq_menkaure

Skill      XL: |  1  2  3  4  5  6 |
---------------+-------------------+-----
Summonings     | 5 6 7 |  7.0
Spellcasting   | 3 |  3.8
Air Magic      | 2 |  2.1
Fighting       | |  0.1
Dodging        | |  1.7
Stealth        | |  1.7

Action                   |  1- 3 |  4- 6 |  7- 9 || total
-------------------------+-------+-------+-------++-------
Melee: Unarmed           |    13 |       |       ||    13
       Dagger            |    82 |       |       ||    82
       Tailslap          |     8 |     5 |       ||    13
       Flail             |    15 |     3 |       ||    18
       Whip              |       |    43 |     4 ||    47
 Cast: Summon Small Mamm |    16 |     3 |       ||    19
       Call Imp          |    14 |    12 |       ||    26
       Call Canine Famil |     2 |     5 |     1 ||     8
       Summon Lightning  |       |     2 |       ||     2
  Use: Scroll            |     2 |     1 |       ||     3
       Potion            |       |     2 |     2 ||     4
 Stab: Sleeping          |     1 |     1 |       ||     2
       Distracted        |       |     1 |       ||     1
  Eat: Chunk             |     3 |     4 |       ||     7
Armor: Skin              |    52 |     9 |    11 ||    72
Dodge: Dodged            |   117 |    39 |     3 ||   159

Table legend:
 A = Spawn XP
 B = Non-spawn XP
 C = Spawn XP percentage of total XP
 D = Spawn monster count
 E = Non-spawn monster count
 F = Spawn count percentage of total count
 G = Total turns spent on level
                    A         B        C        D         E        F      G
               +---------+---------+-------+---------+---------+-------+---------
         Total |       0 |     759 |   0.0 |       0 |      66 |   0.0 |  2057
               +---------+---------+-------+---------+---------+-------+---------
           D:1 |       0 |      31 |   0.0 |       0 |      24 |   0.0 |   532
           D:2 |       0 |      17 |   0.0 |       0 |       5 |   0.0 |   185
           D:3 |       0 |      33 |   0.0 |       0 |       6 |   0.0 |   224
           D:4 |       0 |      23 |   0.0 |       0 |       8 |   0.0 |   373
           D:5 |       0 |     395 |   0.0 |       0 |       8 |   0.0 |   298
           D:6 |       0 |     260 |   0.0 |       0 |      15 |   0.0 |   445
               +---------+---------+-------+---------+---------+-------+---------
